 Dungeon Crawl Stone Soup version 0.28.0 (webtiles) character file.

Game seed: 6414263906205768060

97 sasquatch the Shield-Bearer (level 5, -5/42 HPs)
             Began as a Formicid Fighter on Feb 8, 2022.
             Slain by a phantom (7 damage)
             ... on level 3 of the Dungeon.
             The game lasted 00:02:41 (2209 turns).

sasquatch the Shield-Bearer (Formicid Fighter)      Turns: 2209, Time: 00:02:41

Health: -5/42      AC:  7    Str: 23    XL:     5   Next: 0%
Magic:  5/5        EV:  9    Int:  7    God:
Gold:   83         SH:  4    Dex: 10    Spells: 4/4 levels left

rFire   . . .      SeeInvis +   a - +0 war axe
rCold   . . .      Faith    .   c - +0 buckler
rNeg    . . .      Spirit   .   b - +0 scale mail
rPois   +          Reflect  .   (helmet unavailable)
rElec   .          Harm     .   (no cloak)
rCorr   .          Rampage  .   (no gloves)
Will    .....                   (no boots)
Stlth   ..........              (no amulet)
HPRegen 0.14/turn               i - ring of poison resistance
MPRegen 0.09/turn               (no ring)

@: mighty
A: permanent stasis, dig shafts and tunnels, antennae 3, four strong arms
a: Dig, Shaft Self


You were on level 3 of the Dungeon.
You visited 1 branch of the dungeon, and saw 3 of its levels.

You collected 83 gold pieces.

Inventory:

Hand Weapons
 a - a +0 war axe (weapon)
Armour
 b - a +0 scale mail (worn)
 c - a +0 buckler (worn)
Jewellery
 i - a ring of poison resistance (left hand)
Scrolls
 g - a scroll of holy word {unknown}
Potions
 d - a potion of might
 e - 2 potions of attraction {unknown}
 f - a potion of curing {unknown}
 h - 3 potions of brilliance {unknown}
 j - a potion of flight {unknown}


   Skills:
 + Level 3.9 Fighting
 * Level 3.3 Axes
 + Level 3.9 Armour
 + Level 4.3 Shields


You had 4 spell levels left.
You didn't know any spells.
Your spell library was empty.

Dungeon Overview and Level Annotations

Branches:
Dungeon (3/15)

Altars:


Innate Abilities, Weirdness & Mutations

You cannot be hasted, slowed, berserked, paralysed or teleported.
You can dig through walls and to a lower floor.
You have a pair of large antennae on your head. (SInv)
Your four strong arms can wield two-handed weapons with a shield.


Message History

You are too injured to fight recklessly!
You are too injured to fight recklessly!
Unknown command.
You closely miss the phantom.
The phantom is moderately damaged.
The phantom barely misses you.
The phantom hits you but does no damage.
Unknown command.
You hit the phantom but do no damage.
The phantom is moderately damaged.
The phantom completely misses you.
Unknown command.
You closely miss the phantom.
The phantom is moderately damaged.
You block the phantom's attack.
Unknown command.
You slash the phantom!
The phantom is heavily damaged.
The phantom completely misses you. The phantom hits you.
You closely miss the phantom.
The phantom is heavily damaged.
The phantom hits you.
Unknown command.
You hit the phantom.
The phantom is heavily damaged.
The phantom hits you!
* * * LOW HITPOINT WARNING * * *
Unknown command.
You feel very mighty all of a sudden. The phantom hits you.
* * * LOW HITPOINT WARNING * * *
You closely miss the phantom.
The phantom is heavily damaged.
The phantom hits you.
* * * LOW HITPOINT WARNING * * *
The phantom completely misses you.
You miss the phantom.
The phantom is heavily damaged.
The phantom hits you!
You die...

#.# ## #.# # .. #.#
.## .## #.## < ./.
..# #..# ..##.###.#
##.# .......#(# #.#
......W#.### #.#
.......@?..# #.#
.......#.#.######.#
.#.....#†#........#
##.####.##########
# #.# ..# ..# #..
##.


You could see a phantom.

Vanquished Creatures
  4 adders
  2 worms
  A dart slug (D:1)
  7 bats
  3 endoplasms
  2 giant cockroaches
  5 hobgoblins
  3 jackals (D:1)
  3 quokkas
  5 ball pythons
  A frilled lizard (D:2)
  6 goblins
  6 kobolds
  4 rats (D:1)
52 creatures vanquished.

Notes
Turn   | Place    | Note
-------+----------+-------------------------------------------
     0 | D:1      | sasquatch the Formicid Fighter began the quest for the Orb.
     0 | D:1      | Reached XP level 1. HP: 18/18 MP: 1/1
   158 | D:1      | Reached XP level 2. HP: 24/24 MP: 2/2
   594 | D:1      | Reached XP level 3. HP: 25/29 MP: 3/3
   703 | D:1      | Reached skill level 4 in Shields
  1152 | D:2      | Reached XP level 4. HP: 37/37 MP: 4/4
  1222 | D:2      | Found a faded altar of an unknown god.
  2183 | D:3      | Noticed a phantom
  2187 | D:3      | Reached XP level 5. HP: 39/42 MP: 5/5
  2208 | D:3      | HP: 2/42 [phantom (3)]
  2209 | D:3      | Slain by a phantom

Illustrated notes

Levels and vault maps discovered:
D:1:      dpeg_arrival_oval, layout_basic
D:2:      layout_loops_ring, hellmonk_ecumenical_altar_leap_of_faith
D:3:      layout_loops_ring, grunt_decor_one_mirror, kennysheep_path_1,
          minmay_three_crescents

Skill      XL: |  1  2  3 |
---------------+----------+-----
Shields        | 4 |  4.3
Axes           | 3 |  3.3
Fighting       | |  3.9
Armour         | |  3.9

Action                   |  1- 3 |  4- 6 || total
-------------------------+-------+-------++-------
Melee: War axe           |    82 |    78 ||   160
  Use: Potion            |       |     1 ||     1
Armor: Scale mail        |    43 |    34 ||    77
Dodge: Dodged            |    45 |    30 ||    75
Block: Buckler           |    17 |    20 ||    37
